 Dungeon Sprint DCSS version 0.28-a0-863-g8cecda6153 (webtiles) character file.

Game seed: 5342886507251618011

2848 kae the Martial Artist (level 9, -6/98 HPs)
             Began as a Grey Draconian Transmuter on Nov 18, 2021.
             Was an Initiate of Ru.
             Mangled by Sonja (17 damage)
             ... in the Dungeon (Sprint I: "Red Sonja").
             The game lasted 00:02:04 (1327 turns).

kae the Martial Artist (Grey Draconian Transmuter)  Turns: 1327, Time: 00:02:04

Health: -6/98      AC:  9    Str: 12    XL:     9   Next: 46%
Magic:  18/20      EV: 12    Int: 17    God:    Ru [......]
Gold:   421        SH:  0    Dex: 12    Spells: 15/23 levels left

rFire   x . .      SeeInvis .     - Unarmed
rCold   + + +      Faith    .   (shield currently unavailable)
rNeg    . . .      Spirit   .   (armour unavailable)
rPois   +          Reflect  .   (helmet currently unavailable)
rElec   .          Harm     .   (cloak currently unavailable)
rCorr   .          Rampage  .   (gloves currently unavailable)
Will    .....      NoTele   +   (boots currently unavailable)
Stlth   +.........              (no amulet)
HPRegen 0.26/turn               (no ring)
MPRegen 0.17/turn               (no ring)

@: ice-form
A: freezing attack, boosted hp, AC +12, amphibious, large, unfitting armour,
(cold-blooded)
a: End Transformation, Renounce Religion, Sacrifice Drink, Sacrifice Resistance,
Sacrifice an Eye, Reject Sacrifices


You were in the Dungeon.
You worshipped Ru.
Ru was noncommittal.
You were a creature of crystalline ice.
You visited 1 branch You collected 526 gold pieces.
You spent 105 gold pieces at shops.

Inventory:

Wands
 g - a wand of digging (5)
Scrolls
 e - a scroll of fear
 f - a scroll of blinking
Potions
 a - a potion of resistance
 b - a potion of heal wounds
 c - 2 potions of haste
 d - 2 potions of magic
 h - a potion of flight
 i - a potion of degeneration {unknown}
 j - a potion of mutation {unknown}


   Skills:
 + Level 8.6 Fighting
 + Level 7.5 Dodging
 * Level 11.7 Unarmed Combat
 + Level 7.5 Spellcasting
 * Level 11.6 Transmutations
 + Level 6.9 Ice Magic
 - Level 1.0 Poison Magic


You had 15 spell levels left.
You knew the following spells:

 Your Spells              Type           Power      Damage    Failure   Level
a - Beastly Appendage     Tmut           92%        N/A       1%          1
b - Spider Form           Tmut/Pois      27%        N/A       2%          3
c - Ice Form              Ice/Tmut       38%        N/A       2%          4

Your spell library contained the following spells:

 Spells                   Type           Power      Damage    Failure   Level
 Wereblood                Tmut           46%        N/A       1%          2


Dungeon Overview and Level Annotations

Branches:
Dungeon (1/1)

Altars:
Cheibriados
Dithmenos
Elyvilon
Fedhas
Gozag
Hepliaklqana
Kikubaaqudgha
Makhleb
Nemelex Xobeh
Okawaru
Qazlal
Ru
Sif Muna
Trog
Uskayaw
Vehumet
Wu Jian
Xom
Yredelemnul
Zin
The Shining One
Jiyva
Lugonu

Shops:
D ?[

Annotations:
D Sonja


Innate Abilities, Weirdness & Mutations

You are a creature of crystalline ice.
You have a powerful freezing melee attack.
Your maximum health is increased.
Your armour is entirely melded.
You are incapable of wielding weapons or throwing items.
((Your dull iron-grey scales are very hard. (AC +12)))
You are amphibious.
You cannot fit into any form of body armour.
((You are cold-blooded and may be slowed by cold attacks.))


Message History

You see here 27 gold pieces.
You close the door.
Okay, then.
Okay, then.
Sonja opens the door.
You see here 27 gold pieces.
Sonja hits you with a +1 dagger of distortion.
Sonja barely misses you. Sonja hits you but does no damage.
Space warps horribly around you!
Sonja casts a spell.
Sonja blinks!
There is an open door here.
Sonja drinks a potion.
Sonja seems to grow stronger.
You barely miss Sonja. Sonja closely misses you.
Sonja hits you with a +1 dagger of distortion.
Space warps horribly around you! Sonja hits you but does no damage.
Sonja hits you with a +1 dagger of distortion!
Space warps horribly around you! Sonja barely misses you. x2
You hit Sonja. You freeze Sonja.
Sonja is lightly wounded.
Sonja misses you. Sonja closely misses you. Sonja hits you but does no damage.
You barely miss Sonja.
Sonja is lightly wounded.
Sonja hits you but does no damage. Space warps around you.
Sonja hits you with a +1 dagger of distortion.
Sonja barely misses you.
You barely miss Sonja.
Sonja is lightly wounded.
Sonja hits you but does no damage. Space warps around you.
Sonja hits you with a +1 dagger of distortion!
* * * LOW HITPOINT WARNING * * *
Sonja hits you with a +1 dagger of distortion!
* * * LOW HITPOINT WARNING * * *
Space warps around you.
* * * LOW HITPOINT WARNING * * *
You punch Sonja! You freeze Sonja.
Sonja is heavily wounded.
Sonja misses you. x2; Sonja hits you but does no damage.
Space warps horribly around you!
You die...

#..#####'#####'#__####...sss#
#..####..#...#)####)(#####s.+
#..#__####..##§#§≈§§§# ##
#..#_____##'#_.§§§§§§+
#⌠⌠#_.∩...'...§#≈§§..#
####_..__##_.#'##'####
#_____###+#)#....###
#########.####'###[##
+$.$'.YK..'[∩# #$.$##########
##.## #+


You could see Sonja (strong).

Vanquished Creatures
  2 centaur warriors (D)
  A deep troll (D)
  2 kobold demonologists (D)
  A slime creature (D)
  Sigmund (D)
  A yak (D)
  A floating eye (D)
  An ogre (D)
  A jelly (D)
  Ijyb (D)
12 creatures vanquished.

Notes
Turn   | Place    | Note
-------+----------+-------------------------------------------
     0 | D        | kae the Draconian Transmuter began the quest for the Orb.
     0 | D        | Reached XP level 1. HP: 16/16 MP: 3/3
     3 | D        | Noticed Ijyb
    11 | D        | Killed Ijyb
    12 | D        | Reached XP level 2. HP: 24/25 MP: 2/5
    40 | D        | Noticed an ogre
    42 | D        | Killed an ogre
    43 | D        | Reached skill level 5 in Unarmed Combat
    43 | D        | Reached skill level 5 in Transmutations
    43 | D        | Reached XP level 3. HP: 33/33 MP: 5/8
    43 | D        | Reached XP level 4. HP: 40/40 MP: 5/9
    58 | D        | Learned a level 3 spell: Spider Form
    63 | D        | Learned a level 4 spell: Ice Form
    68 | D        | Noticed Sigmund
    75 | D        | Killed Sigmund
    76 | D        | Reached skill level 1 in Poison Magic
    76 | D        | Reached XP level 5. HP: 6/47 MP: 6/11
    76 | D        | Reached XP level 6. HP: 7/55 MP: 6/12
   333 | D        | Found an ornate altar of the Wu Jian Council.
   333 | D        | Found a shimmering blue altar of Sif Muna.
   337 | D        | Found a radiant altar of Vehumet.
   342 | D        | Reached skill level 5 in Fighting
   367 | D        | Found Hisil's Magic Scroll Emporium.
   367 | D        | Found an ancient bone altar of Kikubaaqudgha.
   367 | D        | Found a hazy altar of Hepliaklqana.
   367 | D        | Found a stormy altar of Qazlal.
   367 | D        | Found a hide-covered altar of Uskayaw.
   367 | D        | Found a blossoming altar of Fedhas.
   367 | D        | Found a bloodstained altar of Trog.
   367 | D        | Found an iron altar of Okawaru.
   367 | D        | Found a basalt altar of Yredelemnul.
   367 | D        | Found a glowing golden altar of the Shining One.
   367 | D        | Found a snail-covered altar of Cheibriados.
   367 | D        | Found a sacrificial altar of Ru.
   367 | D        | Found a glowing silver altar of Zin.
   367 | D        | Found a shadowy altar of Dithmenos.
   367 | D        | Found a white marble altar of Elyvilon.
   367 | D        | Noticed a yak
   368 | D        | Found an opulent altar of Gozag.
   370 | D        | Killed a yak
   371 | D        | Reached skill level 5 in Spellcasting
   371 | D        | Found a sparkling altar of Nemelex Xobeh.
   418 | D        | Bought a scroll of fear for 49 gold pieces
   492 | D        | Became a worshipper of Ru the Awakened
   517 | D        | Found a viscous altar of Jiyva.
   517 | D        | Found a corrupted altar of Lugonu.
   517 | D        | Noticed a slime creature
   519 | D        | Found a burning altar of Makhleb.
   519 | D        | Found a shimmering altar of Xom.
   524 | D        | Killed a slime creature
   525 | D        | Reached skill level 5 in Dodging
   525 | D        | Your scales start taking on a dull iron-grey colour.
   525 | D        | Reached XP level 7. HP: 49/63 MP: 9/15
   668 | D        | Noticed a kobold demonologist
   669 | D        | Noticed a kobold demonologist
   679 | D        | Killed a kobold demonologist
   682 | D        | Paralysed by a floating eye for 3 turns
   686 | D        | Noticed a rust devil
   691 | D        | Killed a kobold demonologist
   692 | D        | Reached skill level 5 in Ice Magic
   692 | D        | Reached XP level 8. HP: 66/71 MP: 14/17
   693 | D        | Noticed a demonic crawler
   693 | D        | Noticed a demonic crawler
   693 | D        | Noticed a demonic crawler
   693 | D        | Noticed a demonic crawler
   786 | D        | Noticed a centaur warrior
   817 | D        | Noticed a centaur warrior
   819 | D        | Killed a centaur warrior
   820 | D        | Reached skill level 10 in Unarmed Combat
   820 | D        | Reached skill level 10 in Transmutations
   826 | D        | Killed a centaur warrior
   827 | D        | Reached XP level 9. HP: 26/81 MP: 13/19
  1117 | D        | Bought a scroll of identify for 28 gold pieces
  1117 | D        | Bought a scroll of identify for 28 gold pieces
  1131 | D        | Noticed a deep troll
  1139 | D        | Killed a deep troll
  1146 | D        | Found Olismoel's Armour Emporium.
  1315 | D        | Noticed Sonja
  1327 | D        | Mangled by Sonja

Illustrated notes

Levels and vault maps discovered:
D:        dungeon_sprint_1 [red_sonja_temple_1, red_sonja_temple_small_1]

Skill      XL: |  1  2  3  4  5  6  7  8 |
---------------+-------------------------+-----
Fighting       | 2 3 4 6 8 |  8.6
Dodging        | 2 3 4 5 6 7 |  7.5
Unarmed Combat | 4 5 7 8 9 11 | 11.7
Transmutations | 3 5 7 8 9 11 | 11.6
Spellcasting   | 3 4 5 6 7 |  7.5
Ice Magic      | 2 4 5 6 |  6.9
Poison Magic   | 1 |  1.0

Action                   |  1- 3 |  4- 6 |  7- 9 || total
-------------------------+-------+-------+-------++-------
Melee: Unarmed           |     9 |    12 |    41 ||    62
       Kick              |     3 |       |       ||     3
       Punch             |     2 |       |       ||     2
       Tailslap          |     1 |       |       ||     1
       Headbutt          |     1 |       |       ||     1
 Cast: Beastly Appendage |     2 |       |       ||     2
       Spider Form       |       |     2 |       ||     2
       Ice Form          |       |     2 |     4 ||     6
  Use: Potion            |     1 |     1 |       ||     2
       Scroll            |       |       |     2 ||     2
 Stab: Sleeping          |       |     1 |       ||     1
Armor: Skin              |       |       |    43 ||    43
Dodge: Dodged            |     5 |     5 |    33 ||    43

Table legend: (Time is in decaauts)
 A = Elapsed time spent in this place.
 B = Non-inter-level travel time spent in this place.
 C = Inter-level travel time spent in this place.
 D = Time resting spent in this place.
 E = Time spent auto-exploring this place.
 F = Levels seen in this place.
 G = Mean time per level.
                   A        B        C        D        E       F      G
               +--------+--------+--------+--------+--------+-----+--------+
         Total |   1323 |   1323 |      0 |   1002 |     14 |   1 | 1323.0 |
       Dungeon |   1323 |   1323 |      0 |   1002 |     14 |   1 | 1323.0 |
               +--------+--------+--------+--------+--------+-----+--------+

Top non-repeatable levels by time:
       D: 1323 daAuts
